 Dungeon Crawl Stone Soup version 0.18.1-8-gdd0e5ea (webtiles) character file.

182 thrashmonkey the Covered (level 5, 46/47 HPs)
             Began as a Minotaur Fighter on June 11, 2016.
             Quit the game on level 3 of the Dungeon.
             The game lasted 00:07:04 (2002 turns).

thrashmonkey the Covered (Minotaur Fighter)         Turns: 2002, Time: 00:07:04

Health: 46/47      AC: 13    Str: 21    XL:     5   Next: 35%
Magic:  4/4        EV:  4    Int:  5    God:
Gold:   137        SH:  9    Dex: 10    Spells: 0 memorised, 4 levels left

rFire  . . .     SeeInvis .     B - +0 morningstar
rCold  . . .     Gourm    .     A - +0 plate armour
rNeg   . . .     Faith    .     c - +0 shield
rPois  .         Spirit   .     (helmet restricted)
rElec  .         Dismiss  .     (no cloak)
rCorr  .         Reflect  .     (no gloves)
SustAt .         Harm     .     n - +0 pair of boots
MR     .....                    (no amulet)
Stlth  ..........               (no ring)
                                (no ring)

@: not resistant to hostile enchantments, extremely unstealthy
A: retaliatory headbutt, horns 2
a: no special abilities


You were on level 3 of the Dungeon.
You were not hungry.

You visited 1 branch of the dungeon, and saw 5 of its levels.

You collected 137 gold pieces.

Inventory:

Hand Weapons
 B - a +0 morningstar (weapon)
Armour
 b - a +0 scale mail
 c - a +0 shield (worn)
 n - a +0 pair of boots (worn)
 A - a +0 plate armour (worn)
Jewellery
 e - an uncursed ring of fire {unknown}
 i - an uncursed ring of magical power {unknown}
 s - a +4 ring of evasion {unknown}
 u - an uncursed ring of sustain attributes {unknown}
Wands
 y - a wand of confusion (22/48)
Scrolls
 h - 3 scrolls of enchant weapon {unknown}
 j - 2 scrolls of fear {unknown}
 m - 2 scrolls of teleportation {unknown}
 o - a scroll of recharging {unknown}
 p - a scroll of amnesia {unknown}
 q - 2 scrolls of noise {unknown}
 r - a scroll of random uselessness {unknown}
 x - a scroll of blinking {unknown}
 z - a scroll of magic mapping {unknown}
Potions
 d - a potion of might
 k - a potion of flight {unknown}
 l - 2 potions of cancellation {unknown}
 t - 2 potions of curing {unknown}
 w - a potion of brilliance {unknown}
Comestibles
 f - 3 bread rations
 g - 2 meat rations
 v - 5 chunks of flesh


   Skills:
 + Level 4.4 Fighting
   Level 4.2 Short Blades
 + Level 4.6 Armour
 + Level 4.6 Shields


You had 4 spell levels left.
You didn't know any spells.

Dungeon Overview and Level Annotations

Branches:
Dungeon (5/15)
 Temple: D:4-7

Altars:
Fedhas


Innate Abilities, Weirdness & Mutations

You reflexively headbutt those who attack you in melee.
You have a pair of horns on your head.


Message History

The orc wizard is severely wounded.
You block the orc wizard's attack.
You closely miss the orc wizard.
The orc wizard is severely wounded.
The orc wizard hits you but does no damage.
You closely miss the orc wizard. You headbutt the orc wizard.
You kill the orc wizard!
You closely miss the kobold. The kobold hits you but does no damage.
You hit the kobold but do no damage. The kobold hits you but does no damage.
Your shield and plate armour prevent you from hitting the kobold.
The kobold hits you but does no damage. x2
You hit the kobold.
You kill the kobold!
Items here: )))) [[[ ††
B - a morningstar Wield which item (- for none, * to show all)? (? for menu, Esc to quit)
B - a +0 morningstar (weapon)
Drop what? 28/52 slots (_ for help) (? for menu, Esc to quit)
You drop a +0 rapier.
You stop training Short Blades.
Are you sure you want to abandon this character and quit the game? (Confirm with "yes".)

#.# #####...#.#
#.# ##.##... #.#
#.# #### #####.##
#.# #......# #+##
#.###..# #...#
#..## #.o.[o
#..#.###..o...
#..###@#.......
..[. #..'.......
#.#....###.......
#.##.#. #...... #
.. . #..... ## ##
#...# #+##


There were no monsters in sight!

Vanquished Creatures
  A crimson imp (D:5)
  A jelly (D:3)
  An orc wizard (D:3)
  3 adders (D:2)
  A worm (D:2)
  2 giant geckos
  9 orcs
  2 giant cockroaches
  7 goblins
  4 hobgoblins
  4 jackals (D:4)
  4 kobolds
  A quokka (D:2)
  6 bats
  2 giant newts
  3 rats
51 creatures vanquished.

Notes
Turn   | Place    | Note
--------------------------------------------------------------
     0 | D:1      | thrashmonkey the Minotaur Fighter began the quest for the Orb.
     0 | D:1      | Reached XP level 1. HP: 19/19 MP: 0/0
   228 | D:1      | Reached XP level 2. HP: 27/27 MP: 1/1
   605 | D:2      | Reached XP level 3. HP: 22/33 MP: 2/2
  1064 | D:2      | Found a blossoming altar of Fedhas.
  1127 | D:3      | You fall through a shaft for 2 floors!
  1127 | D:5      | Entered Level 5 of the Dungeon
  1303 | D:5      | Reached XP level 4. HP: 39/40 MP: 3/3
  1805 | D:3      | Reached XP level 5. HP: 36/47 MP: 4/4
  2002 | D:3      | Quit the game

Skill      XL: |  1  2  3  4 |
---------------+-------------+-----
Armour         | 4 |  4.6
Short Blades   | 3 4 |  4.2
Shields        | 4 |  4.6
Fighting       | 4 |  4.4

Action                   |  1- 3 |  4- 6 || total
-------------------------+-------+-------++-------
Melee: Rapier            |   111 |    56 ||   167
       Headbutt          |    15 |     5 ||    20
Evoke: Wand              |       |     1 ||     1
  Eat: Chunk             |     1 |     3 ||     4
Armor: Scale mail        |    41 |     6 ||    47
       Plate armour      |       |    18 ||    18
Dodge: Dodged            |    29 |     6 ||    35
Block: Shield            |    42 |    25 ||    67
